 Dungeon Crawl Stone Soup version 0.31-a0-1074-g0b22e4e0f1 (webtiles) character file.

Game seed: 3466848125653149437

529 sammy202020 the Shield-Bearer (level 7, -27/44 HPs)
             Began as a Gargoyle Fighter on Nov 28, 2023.
             Killed by an exploding butterfly (32 damage)
             ... ignited by their inner flame
             ... on level 4 of the Dungeon on Nov 29, 2023.
             The game lasted 00:05:29 (3698 turns).

sammy202020 the Shield-Bearer (Gargoyle Fighter)    Turns: 3698, Time: 00:05:30

Health: -27/44     AC: 16    Str: 20    XL:     7   Next: 23%
Magic:  7/7        EV:  9    Int: 16    God:
Gold:   106        SH:  4    Dex:  9    Spells: 6/6 levels left

rFire   . . .        l - +1 mace
rCold   + . .        c - +0 buckler
rNeg    + . .        r - +2 scale mail {rC+}
rPois   ∞            (no helmet)
rElec   +            (no cloak)
rCorr   .            a - +0 pair of gloves
SInv    .            q - +0 pair of boots
Will    .....        (no amulet) Stlth
                     o - +6 ring of intelligence
HPRegen 0.27/turn    (no ring)
MPRegen 0.10/turn

%: no passive effects
@: no status effects
A: sickness immunity, AC +4, negative energy resistance 1, electricity
resistance, torment resistance 1, petrification resistance
a: no special abilities


You were on level 4 of the Dungeon.
You visited 2 branches of the dungeon, and saw 5 of its levels.

You collected 106 gold pieces.

Inventory:

Hand Weapons
 h - a +0 sling of flaming
 l - a +1 mace (weapon)
Missiles
 m - 5 poisoned darts
Armour
 a - a +0 pair of gloves (worn)
 c - a +0 buckler (worn)
 q - a +0 pair of boots (worn)
 r - a +2 scale mail of cold resistance (worn)
Jewellery
 o - a +6 ring of intelligence (left hand)
Wands
 b - a wand of flame (26)
 j - a wand of paralysis (4)
Scrolls
 d - a scroll of enchant weapon
 k - a scroll of identify
 p - a scroll of fog
Potions
 e - a potion of cancellation
 f - a potion of brilliance
 i - a potion of heal wounds
 n - a potion of attraction
 s - a potion of invisibility {unknown}


   Skills:
 * Level 4.9 Fighting
 * Level 3.9 Maces & Flails
 * Level 5.0 Armour
 + Level 1.7 Dodging
 * Level 5.1 Shields


You had 6 spell levels left.
You didn't know any spells.
Your spell library contained the following spells:

 Spells                   Type           Power      Damage    Failure   Level
 Apportation              Tloc           0%         N/A       63%         1
 Magic Dart               Conj           0%         1d3       63%         1
 Slow                     Hex            0%         N/A       63%         1
 Call Imp                 Summ           0%         N/A       77%         2
 Jinxbite                 Hex            0%         N/A       77%         2
 Call Canine Familiar     Summ           0%         N/A       94%         3
 Frozen Ramparts          Ice            0%         1d1       94%         3
 Mephitic Cloud           Conj/Pois/Air  0%         N/A       94%         3
 Sigil of Binding         Hex            0%         N/A       94%         3
 Animate Dead             Necr           0%         N/A       100%        4
 Dimensional Bullseye     Hex/Tloc       0%         N/A       100%        4
 Leda's Liquefaction      Hex/Erth       0%         N/A       100%        4
 Petrify                  Tmut/Erth      0%         N/A       100%        4
 Alistair's Intoxication  Tmut/Pois      0%         N/A       100%        5
 Metabolic Englaciation   Hex/Ice        0%         N/A       100%        5


Dungeon Overview and Level Annotations

Branches:
Dungeon (4/15)             Temple (1/1) D:4

Altars:
Ashenzari
Hepliaklqana
Kikubaaqudgha
Makhleb
Nemelex Xobeh
Qazlal
Ru
Sif Muna
Trog
Wu Jian
Xom
Yredelemnul
The Shining One


Innate Abilities, Weirdness & Mutations

You are immune to sickness and miasma.
Your stone body is resilient. (AC +4)
You are immune to poison.
You resist negative energy. (rN+)
You are resistant to electric shocks. (rElec)
You are resistant to unholy torment.
You are immune to petrification.


Message History

The fiery explosion engulfs your butterfly!!
Your butterfly disappears in a burst of colours!
Your butterfly explodes!
The fiery explosion engulfs your butterfly!!
Your butterfly disappears in a burst of colours!
Your butterfly explodes! x2
The fiery explosion engulfs you!!
Ouch! That really hurt!
Your butterfly explodes! x5
Unknown command.
Unknown command.
Your butterfly is engulfed in blazing flames.
Your butterfly disappears in a burst of colours!
Your butterfly explodes!
Your butterfly is engulfed in blazing flames.
Your butterfly disappears in a burst of colours!
Your butterfly explodes!
The fiery explosion engulfs your butterfly!
Your butterfly disappears in a burst of colours!
Your butterfly explodes!
The fiery explosion engulfs you!
* * * LOW HITPOINT WARNING * * *
Your butterfly is engulfed in blazing flames.
Your butterfly disappears in a burst of colours!
Your butterfly explodes!
The fiery explosion engulfs your butterfly!!
Your butterfly disappears in a burst of colours!
Your butterfly explodes!
The fiery explosion engulfs your butterfly!!
Your butterfly disappears in a burst of colours!
Your butterfly explodes!
Your butterfly is engulfed in blazing flames.
Your butterfly disappears in a burst of colours!
Your butterfly explodes!
Your butterfly is engulfed in blazing flames.
Your butterfly disappears in a burst of colours!
Your butterfly explodes!
The fiery explosion engulfs you!!
Ouch! That really hurt!
You die...

..[..# ####.##
######
#######8.8#######
#...............#
#.○°...b......○○#
#...............#
#..°......b.....#
#.°.b........○..#
#.......§§§§§°..#
#.°...b.@§§§°○..#
#○......§§§§§°○.#
#..§§§§b.§§§....#
#..§°§§§§§§§....#
#..§§§§§§§§.....#
#...§§§§§§§....○#
#...§§§§§§§...○.#
#.§°§§§§§§§.....#
#.§§§§§§§.......#


There were no monsters in sight!

Vanquished Creatures
  Menkaure (D:4)
  An ogre (D:4)
  A phantom (D:4)
  An orc priest (D:4)
  An iguana (D:4)
  An orc wizard (D:3)
  5 adders
  3 gnolls (D:2)
  3 worms
  2 dart slugs
  11 orcs
  7 ball pythons
  7 bats
  8 endoplasms
  6 giant cockroaches
  8 goblins
  6 hobgoblins
  5 quokkas
  3 frilled lizards
  4 kobolds
  6 rats
90 creatures vanquished.

Notes
Turn   | Place    | Note
-------+----------+-------------------------------------------
     0 | D:1      | sammy202020 the Gargoyle Fighter began the quest for the
                  | Orb.
     0 | D:1      | Reached XP level 1. HP: 14/14 MP: 1/1
   189 | D:1      | Reached XP level 2. HP: 14/19 MP: 2/2
   738 | D:2      | Reached XP level 3. HP: 23/23 MP: 3/3
  1153 | D:2      | Reached XP level 4. HP: 13/29 MP: 4/4
  1978 | D:3      | Reached XP level 5. HP: 30/33 MP: 5/5
  2004 | D:3      | Got the Codex of Beguiling and Corpses
  2041 | D:3      | Reached skill level 1 in Dodging
  2354 | D:3      | Found a sacrificial altar of Ru.
  2862 | D:4      | Noticed a phantom
  2877 | D:4      | Killed a phantom
  2878 | D:4      | Reached XP level 6. HP: 34/39 MP: 6/6
  2899 | D:4      | Noticed Menkaure
  2908 | D:4      | Killed Menkaure
  2935 | D:4      | Found a burning altar of Makhleb.
  3045 | D:4      | Found a stormy altar of Qazlal.
  3144 | D:4      | Reached skill level 5 in Shields
  3144 | D:4      | Reached XP level 7. HP: 38/44 MP: 7/7
  3151 | D:4      | Reached skill level 5 in Armour
  3380 | D:4      | Found a glowing golden altar of the Shining One.
  3415 | D:4      | Found a staircase to the Ecumenical Temple.
  3522 | Temple   | Entered the Ecumenical Temple
  3698 | D:4      | Killed by an exploding butterfly... ignited by their inner
                  | flame

Illustrated notes

Levels and vault maps discovered:
D:1:      minmay_arrival_cross, layout_loops_ring
D:2:      layout_basic, corexii_item_surrounded_by_moat,
          minmay_tree_intersection, minmay_indecisive_spiral
D:3:      layout_basic, nicolae_ru_great_annihilating_truth
D:4:      layout_basic, lemuel_round_altar, nicolae_overflow_squiral,
          lemuel_temple_firewalk_b, uniq_menkaure
Temple:   nicolae_temple_ecumenical_triangle

Skill      XL: |  1  2  3  4  5  6  7 |
---------------+----------------------+-----
Armour         | 4 5 |  5.0
Shields        | 4 5 |  5.1
Fighting       | 4 |  4.9
Dodging        | 1 |  1.7
Maces & Flails | 3 |  3.9

Action                     |  1- 3 |  4- 6 |  7- 9 || total
---------------------------+-------+-------+-------++-------
  Melee: Flail             |   101 |       |       ||   101
         Mace              |    11 |   213 |    27 ||   251
    Use: Scroll            |     3 |     6 |     4 ||    13
         Potion            |       |     3 |       ||     3
   Stab: Paralysed         |       |     2 |       ||     2
 Armour: Scale mail        |   101 |   165 |    20 ||   286
  Dodge: Dodged            |    67 |   113 |     7 ||   187
  Block: Buckler           |    34 |    39 |     3 ||    76

Table legend: (Time is in decaauts)
 A = Elapsed time spent in this place.
 B = Non-inter-level travel time spent in this place.
 C = Inter-level travel time spent in this place.
 D = Time resting spent in this place.
 E = Time spent auto-exploring this place.
 F = Levels seen in this place.
 G = Mean time per level.
                   A        B        C        D        E       F      G
               +--------+--------+--------+--------+--------+-----+--------+
         Total |   3798 |   3670 |    128 |     21 |   2755 |   5 |  759.6 |
       Dungeon |   3772 |   3644 |    128 |     21 |   2755 |   4 |  943.0 |
        Temple |     26 |     26 |      0 |      0 |      0 |   1 |   26.0 |
               +--------+--------+--------+--------+--------+-----+--------+

Top non-repeatable levels by time:
     D:2: 1094 daAuts
     D:3: 1057 daAuts
     D:4: 888 daAuts
     D:1: 731 daAuts
  Temple: 26 daAuts
